 Dungeon Crawl Stone Soup version 0.17-a0-1510-gb3fb22e (webtiles) character file.

389 Fluffy the Slasher (level 6, -5/48 HPs)
             Began as a Demonspawn Gladiator on July 11, 2015.
             Slain by Menkaure (7 damage)
             ... on level 4 of the Dungeon.
             The game lasted 00:07:10 (3370 turns).

Fluffy the Slasher (Demonspawn Gladiator)           Turns: 3370, Time: 00:07:10

Health: -5/48      AC: 13    Str: 17    XL:     6   Next: 50%
Magic:  6/6        EV: 14    Int: 10    God:
Gold:   206        SH:  0    Dex: 13    Spells: 0 memorised, 5 levels left

rFire  . . .     SeeInvis .     a - +1 long sword
rCold  . . .     Clarity  .     l - +0 scale mail
rNeg   . . .     SustAt   .     (no shield)
rPois  .         Gourm    .     k - +1 helmet
rElec  .         Spirit   .     (no cloak)
rCorr  .         Warding  .     (no gloves)
rMut   .         Stasis   .     (no boots)
MR     .....                    (no amulet)
Stlth  ..........               w - +3 ring of evasion
                                i - +2 ring of protection

@: not resistant to hostile enchantments, extremely unstealthy
A: thin metallic scales 2, demonic guardian 1
a: no special abilities


You were on level 4 of the Dungeon.
You were not hungry.

You visited 1 branch of the dungeon, and saw 4 of its levels.

You collected 206 gold pieces.

Inventory:

Hand weapons
 a - a +1 long sword (weapon)
Missiles
 c - 4 tomahawks (quivered)
 d - 2 throwing nets
 v - 5 javelins
 x - 7 poisoned javelins
Armour
 k - a +1 helmet (worn)
 l - a +0 scale mail (worn)
 t - a +0 plate armour
Jewellery
 i - a +2 ring of protection (left hand)
 w - a +3 ring of evasion (right hand)
Scrolls
 b - a scroll of identify
Potions
 g - a potion of cure mutation
 h - 4 potions of curing
 j - a potion of magic
 n - a potion of invisibility {unknown}
 r - 2 potions of haste
 s - a potion of flight {unknown}
 u - a potion of heal wounds {unknown}
Comestibles
 e - 6 bread rations
 o - a meat ration


   Skills:
 + Level 3.7 Fighting
 + Level 4.2 Long Blades
 - Level 1.7 Throwing
 + Level 2.7 Armour
 + Level 3.9 Dodging


You had 5 spell levels left.
You didn't know any spells.

Dungeon Overview and Level Annotations

Branches:
Dungeon (4/15)
 Temple: D:4-7

Altars:
Elyvilon
Okawaru

Portals:
Ossuary: D:4

Annotations:
D:4 Menkaure


Innate Abilities, Weirdness & Mutations

You are mostly covered in thin metallic scales (AC +3).
A weak demonic guardian rushes to your aid.


Message History

A phantom comes into view.
Found a sand-covered staircase.
Menkaure, Prince of Dust comes into view.
Menkaure shouts!
Menkaure mumbles some strange words.
Menkaure seems to speed up.
Menkaure casts a spell at you. Pain shoots through your body!
The phantom blinks!
You swap places.
Menkaure calls on the powers of darkness!
Your body is wracked with pain!
The phantom blinks!
Menkaure hits you!!
* * * LOW HITPOINT WARNING * * *
Menkaure misses you.
There is an open door, spattered with blood here.
You slash Menkaure!
Menkaure is moderately damaged.
Menkaure hits you!
You die...

#+##..##..##..#..##.
#.##..+...'.........
..+...##..#....###.. #
##..##..##...#∩# #
#†........###.# .#
+.........# ... ..#
#.........###.# #..# #
#......##...#M#.§..# +
........##...#@#....#
#.##.............5...#
#.##......##..##..#..#
...+..##+###..##.## .#
#.# #...... # #.###+#
#..##... ......+
##'##.... ......# ..
..##.. ......# #.# ..#


You could see Menkaure and a friendly white imp.

Vanquished Creatures
  Sigmund (D:2)
  An ogre (D:4)
  Ijyb (D:3)
  5 adders
  5 worms
  8 orcs
  2 ball pythons
  A bat skeleton (D:4)
  7 goblins
  11 hobgoblins
  3 quokkas (D:3)
  7 bats
  5 giant cockroaches
  6 giant newts
  7 kobolds
  9 rats
79 creatures vanquished.

Vanquished Creatures (collateral kills)
  An adder (D:4)
  2 orcs (D:4)
3 creatures vanquished.

Vanquished Creatures (others)
  A goblin (D:2)
1 creature vanquished.

Grand Total: 83 creatures vanquished

Notes
Turn   | Place    | Note
--------------------------------------------------------------
     0 | D:1      | Fluffy the Demonspawn Gladiator began the quest for the Orb.
     0 | D:1      | Reached XP level 1. HP: 16/16 MP: 1/1
   387 | D:1      | Gained mutation: You are partially covered in thin metallic scales (AC +2). [demonic ancestry]
   387 | D:1      | Reached XP level 2. HP: 20/22 MP: 2/2
   419 | D:1      | Reached skill level 1 in Armour
   536 | D:1      | Reached skill level 3 in Long Blades
  1149 | D:2      | Reached XP level 3. HP: 28/28 MP: 3/3
  1376 | D:2      | Found a white marble altar of Elyvilon.
  1706 | D:2      | Noticed Sigmund
  1716 | D:2      | Killed Sigmund
  1716 | D:2      | Gained mutation: You are mostly covered in thin metallic scales (AC +3). [demonic ancestry]
  1716 | D:2      | Reached XP level 4. HP: 32/35 MP: 4/4
  1716 | D:2      | Gained mutation: A weak demonic guardian rushes to your aid. [demonic ancestry]
  1716 | D:2      | Reached XP level 5. HP: 37/41 MP: 5/5
  2026 | D:2      | Found an iron altar of Okawaru.
  2144 | D:3      | Noticed Ijyb
  2154 | D:3      | Killed Ijyb
  2245 | D:3      | Reached skill level 4 in Long Blades
  2697 | D:3      | Reached XP level 6. HP: 36/47 MP: 6/6
  3363 | D:4      | Found a sand-covered staircase.
  3364 | D:4      | Noticed Menkaure
  3369 | D:4      | HP: 2/48 [Menkaure (18)]
  3370 | D:4      | Slain by Menkaure

Vault maps used:
D:1:      minmay_arrival_nine_rooms
D:2:      lemuel_round_altar, elyvilon_altar_4, uniq_sigmund
D:3:      first_bread, uniq_iyjb
D:4:      nicolae_ossuary_entry_plus, uniq_menkaure

Action                   |  1- 3 |  4- 6 || total
-------------------------+-------+-------++-------
Melee: Long sword        |   126 |   187 ||   313
Throw: Tomahawk          |     3 |       ||     3
       Throwing net      |     2 |       ||     2
  Use: Scroll            |       |     9 ||     9
 Stab: Distracted        |     1 |       ||     1
  Eat: Chunk             |     2 |     6 ||     8
